 Dungeon Crawl Stone Soup version 0.30-a0-989-g0d87f670db (webtiles) character file.

Game seed: 7414713898982464642

120834 dolemite99 the Warrior (level 16, -12/159 HPs)
             Began as a Minotaur Hunter on Apr 4, 2023.
             Was an Elder of Ashenzari.
             Succumbed to Aizul's poison arrow
             ... on level 3 of the Shoals.
             The game lasted 00:55:04 (32361 turns).

dolemite99 the Warrior (Minotaur Hunter)           Turns: 32361, Time: 00:55:05

Health: -12/159    AC: 28    Str: 19    XL:     16   Next: 31%
Magic:  21/21      EV: 23    Int: 14    God:    Ashenzari [****..]
Gold:   530        SH:  0    Dex: 25    Spells: 9/23 levels left

rFire   + . .      SeeInvis +    a - +4 hand crossbow (freeze)
rCold   + . .      Faith    .    (no shield)
rNeg    . . .      Spirit   .    T - +8 ring mail of the Pangnostic Planets {Int+4, Bglg, Elem} (curse)
rPois   .          Reflect  .    J - +2 hat of Panopticon {Evo, Elem} (curse)
rElec   .          Rampage  +    g - +2 cloak "Tethered With Me" {Bglg, Cun} (curse)
rCorr   +          Clarity  +    c - +3 pair of gloves "Unveiling Jealousy" {Rampage rF+, Alch, Bglg} (curse)
Will    ++...                    U - +2 pair of boots of the Unyielding Gaze {Str+2 Int+6 Dex-2 Slay+3, Cun, Elem} (curse)
Stlth   +                        S - amulet "Shattered Limitation" {Regen+, Elem, Melee} (curse)
HPRegen 1.26/turn                m - ring "Cursed Dissatisfaction" {Will+ rCorr Dex+6 Stlth-, Elem, Cun} (curse)
MPRegen 0.17/turn                z - ring of protection from cold

@: lethally poisoned (-12 -> -62), very slow
A: horns 2, retaliatory headbutt, dopey 1, mutation resistance 1, subdued magic
1
a: Renounce Religion, Curse Item, Shatter the Chains


You were on level 3 of the Shoals.
You worshipped Ashenzari.
Ashenzari was greatly pleased with you.
You visited 5 branches of the dungeon, and saw 26 of its levels.
You also visited: Sewer and Ossuary.

You collected 2726 gold pieces.
You spent 2154 gold pieces at shops.
You donated 42 gold pieces to Zin.

Inventory:

Hand Weapons
 a - a +4 hand crossbow of freezing (weapon)
 b - a +5 heavy hand crossbow
 P - a +3 scimitar of flaming
 V - a +2 vampiric long sword
Missiles
 q - 7 throwing nets
 s - 2 atropa-tipped darts
 H - 18 javelins
Armour
 c - the cursed +3 pair of gloves "Unveiling Jealousy" (worn) {Rampage rF+, Alch, Bglg}
   (You acquired it on level 2 of the Lair of Beasts)

   rF:        It protects you from fire.
   Rampage:   It bestows one free step when moving towards enemies.
   It has a curse which improves the following skills: Alchemy: Poison Magic and
   Transmutations.
   Beguiling: Conjurations, Hexes and Translocations.
 g - the cursed +2 cloak "Tethered With Me" (worn) {Bglg, Cun}
   (You bought it in a shop on level 2 of the Orcish Mines)

   It has a curse which improves the following skills: Beguiling: Conjurations,
   Hexes and Translocations.
   Cunning:   Dodging and Stealth.
 J - the cursed +2 hat of Panopticon (worn) {Evo, Elem}
   (You found it on level 2 of the Lair of Beasts)

   It has a curse which improves the following skills: Evocations: Evocations.
   Elements:  Fire Magic, Ice Magic, Air Magic and Earth Magic.
 T - the cursed +8 ring mail of the Pangnostic Planets (worn) {Int+4, Bglg, Elem}
   (You found it on level 13 of the Dungeon)

   Int:       It affects your intelligence (+4).
   It has a curse which improves the following skills: Beguiling: Conjurations,
   Hexes and Translocations.
   Elements:  Fire Magic, Ice Magic, Air Magic and Earth Magic.
 U - the cursed +2 pair of boots of the Unyielding Gaze (worn) {Str+2 Int+6 Dex-2 Slay+3, Cun, Elem}
   (You found it on level 5 of the Lair of Beasts)

   Str:       It affects your strength (+2).
   Int:       It affects your intelligence (+6).
   Dex:       It affects your dexterity (-2).
   Slay:      It affects your accuracy & damage with ranged weapons and melee
   (+3).
   It has a curse which improves the following skills: Cunning: Dodging and
   Stealth.
   Elements:  Fire Magic, Ice Magic, Air Magic and Earth Magic.
Magical Staves
 C - a staff of cold
Jewellery
 i - a +4 ring of protection
 j - an amulet of magic regeneration
 l - a +4 ring of slaying
 m - the cursed ring "Cursed Dissatisfaction" (left hand) {Will+ rCorr Dex+6 Stlth-, Elem, Cun}
   (You acquired it on level 4 of the Dungeon)

   [ring of willpower]

   Dex:       It affects your dexterity (+6).
   rCorr:     It protects you from acid and corrosion.
   Will:      It increases your willpower.
   Stlth:     It makes you less stealthy.
   It has a curse which improves the following skills: Elements: Fire Magic, Ice
   Magic, Air Magic and Earth Magic.
   Cunning:   Dodging and Stealth.
 n - a +6 ring of dexterity
 w - a +6 ring of intelligence
 z - a ring of protection from cold (right hand)
 S - the cursed amulet "Shattered Limitation" (around neck) {Regen+, Elem, Melee}
   (You found it on level 8 of the Dungeon)

   [amulet of regeneration]

   Regen:     It increases your rate of health regeneration.
   It has a curse which improves the following skills: Elements: Fire Magic, Ice
   Magic, Air Magic and Earth Magic.
   Melee Combat: Short Blades, Long Blades, Axes, Maces & Flails, Polearms,
   Staves and Unarmed Combat.
Wands
 d - a wand of iceblast (1)
 t - a wand of paralysis (27)
 K - a wand of polymorph (4)
Scrolls
 e - 18 scrolls of teleportation
 h - 8 scrolls of poison
 k - 9 scrolls of magic mapping
 u - 7 scrolls of immolation
 y - 3 scrolls of silence
 E - a scroll of brand weapon
 F - a scroll of amnesia
 R - 9 scrolls of noise
 Z - 2 scrolls of vulnerability
Potions
 f - 5 potions of cancellation
 p - 2 potions of berserk rage
 r - 5 potions of flight
 x - a potion of invisibility
 D - 4 potions of haste
 G - 5 potions of might
 L - 3 potions of magic
 M - 6 potions of brilliance
Miscellaneous
 B - a phantom mirror (inert)
 I - a box of beasts (inert)
 W - a condenser vane (inert)


   Skills:
 - Level 18.4 Fighting
 - Level 4.0(7.6) Short Blades
 - Level 8.5(10.8) Long Blades
 - Level 15.7 Ranged Weapons
 - Level 10.3 Armour
 - Level 11.2(14.7) Dodging
 - Level 0.7(2.4) Stealth
 - Level 4.0 Spellcasting
 + Level 8.4 Necromancy
 - Level 8.9(10.8) Evocations


You had 9 spell levels left.
You knew the following spells:

 Your Spells              Type           Power      Damage    Failure   Level
a - Vhi's Electric Charg  Tloc/Air       6%         N/A       52%         3
c - Vampiric Draining     Necr           20%        2d7       1%          3
d - Passage of Golubria   Tloc           3%         N/A       91%         4
z - Animate Dead          Necr           20%        N/A       7%          4

Your spell library contained the following spells:

 Spells                   Type           Power      Damage    Failure   Level
 Freeze                   Ice            12%        1d3       19%         1
 Apportation              Tloc           6%         N/A       21%         1
 Magic Dart               Conj           12%        1d3       21%         1
 Slow                     Hex            12%        N/A       21%         1
 Agony                    Necr           20%        N/A       22%         5
 Ensorcelled Hibernation  Hex/Ice        6%         N/A       30%         2
 Lesser Beckoning         Tloc           6%         N/A       30%         2
 Searing Ray              Conj           6%         2d4       30%         2
 Anguish                  Hex/Necr       5%         N/A       38%         4
 Frozen Ramparts          Ice            6%         1d1       50%         3
 Confusing Touch          Hex            3%         N/A       52%         3
 Dazzling Flash           Conj/Hex       6%         N/A       52%         3
 Gell's Gravitas          Tloc           3%         N/A       52%         3
 Hailstorm                Conj/Ice       3%         3d3       52%         3
 Teleport Other           Tloc           3%         N/A       52%         3
 Tukima's Dance           Hex            3%         N/A       52%         3
 Spider Form              Tmut/Pois      2%         N/A       58%         3
 Borgnjor's Vile Clutch   Necr/Erth      6%         N/A       73%         5
 Death Channel            Necr           10%        N/A       77%         6
 Fulminant Prism          Conj/Hex       1%         3d5       91%         4
 Ice Form                 Ice/Tmut       3%         N/A       92%         4
 Petrify                  Tmut/Erth      3%         N/A       92%         4
 Arcjolt                  Conj/Air       1%         1d11      99%         5
 Metabolic Englaciation   Hex/Ice        1%         N/A       99%         5
 Silence                  Hex/Air        1%         N/A       99%         5
 Simulacrum               Ice/Necr       6%         N/A       99%         6
 Alistair's Intoxication  Tmut/Pois      1%         N/A       100%        5
 Yara's Violent Unravell  Hex/Tmut       1%         3d3       100%        5
 Dispersal                Tloc           1%         N/A       100%        6
 Statue Form              Tmut/Erth      2%         N/A       100%        6
 Maxwell's Capacitive Co  Air            1%         ∞         100%        8
 Chain Lightning          Conj/Air       1%         3d2       100%        9
 Fire Storm               Conj/Fire      1%         8d1       100%        9
 Shatter                  Erth           1%         3d6*      100%        9


Dungeon Overview and Level Annotations

Branches:
Dungeon (15/15)            Temple (1/1) D:6            Lair (5/5) D:9
 Shoals (3/4) Lair:3       Spider (0/4) Lair:3        Slime (0/5) Lair:4
    Orc (2/2) D:12            Elf (0/3) Orc:2        Vaults (0/5) D:13
 Depths (0/4) D:15          Sewer (visited)         Ossuary (visited)

Altars:
Ashenzari
Cheibriados
Dithmenos
Elyvilon
Fedhas
Gozag
Hepliaklqana
Kikubaaqudgha
Makhleb
Nemelex Xobeh
Okawaru
Qazlal
Ru
Sif Muna
Trog
Uskayaw
Vehumet
Wu Jian
Xom
Yredelemnul
Zin
The Shining One
Jiyva

Shops:
D:6 (:   D:13 (   Orc:2 *(*:(

Annotations:
D:2 exclusion: downstairs
D:8 exclusion: downstairs
D:13 1 runed translucent door, exclusion: downstairs
D:14 Louise
D:15 3 runed translucent doors, serber55's ghost, adept MfIE
Shoals:3 Aizul


Innate Abilities, Weirdness & Mutations

You have a pair of horns on your head.
You reflexively headbutt those who attack you in melee.
You are dopey. (Int -2)
You are somewhat resistant to further mutation.
Your spells are a little easier to cast, but a little less powerful.


Message History

Aim: Aizul (almost dead, 65% to hit)
You shoot a bolt. The bolt misses Aizul.
You feel very sick.
A nearby plant withers and dies.
Aizul completely misses you.
The snapping turtle bites you but does no damage.
Aizul casts a spell at you. The bolt of poison hits you.
You are more poisoned.
* * * LOW HITPOINT WARNING * * *
Fire: a) +4 hand crossbow (freeze)
Press: ? - help, Q - select action, (/) - cycle Shift-Dir - straight line, f/p - Aizul
Aim: Aizul (almost dead, 65% to hit)
You shoot a bolt. The bolt barely misses Aizul.
Splash!
You fall into the shallow water.
Moving in this stuff is going to be slow.
You feel extremely sick.
A nearby plant withers and dies.
Aizul coils herself and waves her upper body at you.
The poison arrow misses you.
The snapping turtle completely misses you.
Fire: a) +4 hand crossbow (freeze)
Press: ? - help, Q - select action, (/) - cycle Shift-Dir - straight line, f/p - Aizul
Aim: Aizul (almost dead, 65% to hit)
You shoot a bolt. The bolt hits Aizul!
The bolt freezes Aizul.
Aizul is almost dead.
You feel extremely sick. Aizul casts a spell at you. The poison arrow hits you!
You are more poisoned.
* * * LOW HITPOINT WARNING * * *
The snapping turtle bites you from afar.
* * * LOW HITPOINT WARNING * * *
Aizul coils herself and waves her upper body at you.
The poison arrow hits you!
You are more poisoned.
* * * LOW HITPOINT WARNING * * *
Okay, then.
Okay, then.
You die...

~~ ~ ....... .~~~~ ~~~ ~
~~ ~~ ,,....... ..~~~~. ~
~ ,.(..~.. ,....~~~ ~ ~ ~
~ ~ , .......##..^.~~~~~≈≈
~~ ~ ~~
,~~~~~~~~~.#....~~~~~≈≈ ,
~~~~~.~~~.~~≈≈≈≈≈≈≈≈≈ ~~ ,
~~P~..tS[~~~≈≈≈≈≈≈≈≈≈≈≈ ,,
~ ,~
≈≈≈~~..~~~~≈≈≈≈≈≈≈≈≈≈≈ ~ ,
, ≈≈≈P~..~@~~~~~≈≈≈≈≈≈≈≈
~~ **
~≈≈P~P~~..~~~~~~≈≈≈≈≈≈≈~ ~
~ ≈≈~PP.P~.....~~≈≈≈≈≈≈≈~
,~~
≈≈~..P.~.....~~≈≈≈≈≈≈≈≈~
~,
≈≈~~~~P.~P)~~~~≈≈≈≈≈≈≈≈≈~
~
≈≈≈~~~..~~~~~~~≈≈≈≈≈≈≈≈≈≈
~ ~
≈≈~~~.P..~~~P~~≈≈≈≈≈≈≈≈≈≈
,
~~~~~..##.P~P~~~≈≈≈≈≈≈≈≈≈≈
, ~ ,
~~~~...###.PP.~~~≈≈≈≈≈≈≈≈≈


You could see Aizul and a snapping turtle.

Vanquished Creatures
  Jorgrun (Orc:1)
  A kraken (Shoals:1)
  Ilsuiw (Shoals:2)
  2 ettins
  3 merfolk impalers
  2 fire dragons
  3 merfolk javelineers
  3 hydras
  Erolcha (Orc:1)
  2 rakshasas (D:14)
  4 merfolk aquamancers
  A catoblepas (D:14)
  2 centaur warriors
  3 merfolk avatars
  6 two-headed ogres
  Erica (Lair:2)
  2 boulder beetles
  A tengu warrior (D:15)
  A satyr (Shoals:3)
  An orc high priest (Orc:1)
  The ghost of passete the Fighter, a novice MiBe of Trog (D:6)
  Amaemon (D:11)
  7 skysharks
  Sonja (Orc:1)
  6 sea snakes
  2 deep trolls (D:15)
  A wizard (D:14)
  A lindwurm (Lair:5)
  2 necromancers (D:15)
  6 harpies (Shoals:3)
  6 manticores
  16 fauns
  4 orc knights
  14 ugly things
  7 cyclopes
  4 black mambas
  9 elephants
  13 merfolk sirens
  5 water nymphs
  An orange demon (D:11)
  A cane toad (shapeshifter) (D:13)
  2 gargoyles
  2 molten gargoyles (Lair:5)
  10 cane toads
  An unseen horror (D:12)
  9 komodo dragons
  4 kobold demonologists
  4 rime drakes
  2 efreet
  A wolf spider simulacrum (D:15)
  21 merfolk
  6 trolls
  4 snapping turtles
  A polar bear (Lair:4)
  6 wind drakes
  8 blink frogs
  A slime creature (shapeshifter) (D:9)
  18 dream sheep
  A centaur simulacrum (D:14)
  A slime creature (D:14)
  A culicivora (Lair:3)
  10 water elementals
  A shadow (D:10)
  A vampire (D:8)
  Sigmund (D:3)
  4 wraiths
  6 wyverns
  16 basilisks
  40 yaks
  Eustachio (D:4)
  4 steam dragons
  Grum (D:11)
  2 acid dragons
  5 vampire mosquitoes (D:13)
  2 wargs (Orc:2)
  4 hell hounds (Lair:5)
  14 water moccasins
  4 hornet zombies (D:8)
  A meliai simulacrum (D:15)
  A sky beast (D:5)
  39 orc warriors
  A black bear (Lair:1)
  A tengu (shapeshifter) (D:14)
  13 wolves
  5 ogres
  12 centaurs
  A phantom (D:7)
  2 kobold brigands
  10 bullfrogs
  5 scorpions
  5 necrophages (Lair:4)
  A wyvern zombie (D:8)
  5 wights (D:8)
  6 howler monkeys
  9 killer bees
  4 electric eels
  A centaur zombie (D:8)
  4 lava snakes (Lair:5)
  3 human zombies (Ossuary)
  A gnoll bouda (D:5)
  A bullfrog skeleton (D:5)
  A centaur skeleton (D:5)
  4 jellies
  18 orc priests
  A hound (D:5)
  A sleepcap (D:6)
  3 iguanas
  Terence (D:3)
  20 orc wizards
  10 hell rats
  A killer bee zombie (D:8)
  5 mummies (Ossuary)
  3 howler monkey zombies (D:8)
  10 adders
  8 gnolls
  26 river rats
  A shadow imp (D:6)
  2 white imps
  An ufetubus (D:7)
  2 worms
  2 dart slugs (D:4)
  The ghost of DeathPants the Sneak, a weakling VSDe (D:5)
  79 orcs
  10 ball pythons
  10 endoplasms
  5 giant cockroaches
  A gnoll zombie (Ossuary)
  9 goblins
  4 hobgoblins
  5 jackals (D:2)
  11 kobolds
  3 quokkas
  4 bats
  3 frilled lizards
  A goblin zombie (Ossuary)
  A hobgoblin zombie (Ossuary)
  2 kobold zombies (Ossuary)
  8 rats
  A spectral orc (D:12)
  2 tentacles (Shoals:1)
779 creatures vanquished.

Vanquished Creatures (collateral kills)
  Mlioglotl (Shoals:1)
  A sea snake (Shoals:1)
  A black mamba (Lair:3)
  A merfolk (Shoals:1)
  2 culicivoras (Lair:3)
  A water elemental (Shoals:2)
  A redback (Lair:3)
8 creatures vanquished.

Vanquished Creatures (others)
  2 water elementals (Shoals:3)
  A water nymph zombie (Shoals:2)
  A merfolk zombie (Shoals:2)
  An orc (Orc:2)
  47 fungi
  115 plants
  19 tentacles (Shoals:1)
  3 withered plants (D:3)
189 creatures vanquished.

Grand Total: 976 creatures vanquished

Notes
Turn   | Place    | Note
-------+----------+-------------------------------------------
     0 | D:1      | dolemite99 the Minotaur Hunter began the quest for the Orb.
     0 | D:1      | Reached XP level 1. HP: 18/18 MP: 0/0
   229 | D:1      | Reached XP level 2. HP: 18/25 MP: 1/1
   429 | D:1      | Reached skill level 5 in Ranged Weapons
   546 | D:2      | Reached XP level 3. HP: 24/30 MP: 2/2
  1238 | D:3      | Reached XP level 4. HP: 25/37 MP: 3/3
  1711 | D:3      | Noticed Terence
  1719 | D:3      | Killed Terence
  2135 | D:3      | Reached XP level 5. HP: 38/42 MP: 4/4
  2286 | D:3      | Found a faded altar of an unknown god.
  2298 | D:3      | Prayed at the altar of an unknown god.
  2298 | D:3      | Became a worshipper of Zin the Law-Giver
  2298 | D:3      | Reached * piety under Zin
  2298 | D:3      | Reached ** piety under Zin
  2375 | D:3      | Reached skill level 1 in Short Blades
  2510 | D:3      | Noticed Sigmund
  2522 | D:3      | Killed Sigmund
  2523 | D:3      | Reached XP level 6. HP: 42/50 MP: 5/5
  2883 | D:3      | Noticed a steam dragon
  3461 | D:4      | Identified 2 scrolls of acquirement
  3461 | D:4      | Acquired a +2 heavy hand crossbow
  3464 | D:4      | Acquired the ring of Udeiben {Will+ rCorr Dex+6 Stlth-}
  3612 | D:4      | Noticed Eustachio
  3619 | D:4      | Killed Eustachio
  3620 | D:4      | Reached XP level 7. HP: 46/56 MP: 6/6
  3628 | D:4      | Found a glowing drain.
  3638 | Sewer    | Entered a sewer
  3935 | D:4      | Reached *** piety under Zin
  4007 | D:4      | Found a white marble altar of Elyvilon.
  4248 | D:5      | Entered Level 5 of the Dungeon
  4901 | D:5      | Reached skill level 10 in Ranged Weapons
  4901 | D:5      | Reached XP level 8. HP: 62/62 MP: 7/7
  5221 | D:5      | Found a runed translucent gate.
  5224 | D:5      | Found a runed translucent gate.
  5225 | D:5      | Found a runed translucent gate.
  5227 | D:5      | Noticed DeathPants's ghost (weakling VSDe)
  5290 | D:5      | Killed DeathPants's ghost
  5345 | D:6      | Found Aruskoh's Vocational Training.
  6166 | D:6      | Reached **** piety under Zin
  6348 | D:6      | Found a transporter.
  6357 | D:6      | Noticed passete's ghost (novice MiBe)
  6432 | D:6      | Found a transporter.
  6453 | D:6      | Found Kona's Antique Weapon Shoppe.
  6576 | D:6      | Found a staircase to the Ecumenical Temple.
  6587 | Temple   | Entered the Ecumenical Temple
  6751 | Temple   | Fell from the grace of Zin
  6751 | Temple   | Became a worshipper of Ashenzari the Shackled
  7129 | D:6      | Found the +2 ratskin cloak {*Rats rPois rN+ Str-1 Int-1
                  | Dex+1}
  7977 | D:7      | Reached skill level 1 in Evocations
  7977 | D:7      | Reached XP level 9. HP: 58/68 MP: 8/8
  8557 | D:8      | Reached skill level 3 in Fighting
  8593 | D:8      | Reached skill level 4 in Fighting
  8632 | D:8      | Reached skill level 5 in Fighting
  8790 | D:8      | Reached skill level 6 in Fighting
  8790 | D:8      | Reached * piety under Ashenzari
  8889 | D:8      | Found a sand-covered staircase.
  8897 | Ossuary  | Entered an ossuary
  9120 | Ossuary  | Reached XP level 10. HP: 83/83 MP: 9/9
  9320 | D:8      | Found a bloodstained altar of Trog.
  9324 | D:8      | Found a shimmering altar of Xom.
  9324 | D:8      | Found a hide-covered altar of Uskayaw.
  9324 | D:8      | Found a glowing silver altar of Zin.
  9326 | D:8      | Found a shimmering blue altar of Sif Muna.
  9328 | D:8      | Found a snail-covered altar of Cheibriados.
  9445 | D:9      | Reached skill level 5 in Dodging
 10304 | D:10     | Entered Level 10 of the Dungeon
 10314 | D:9      | Noticed a brown ugly thing
 10315 | D:9      | Identified the +0 mace of Milej {drain, rN++ Str+3 Int-5}
 10315 | D:9      | Noticed a guardian serpent
 10324 | D:9      | a guardian serpent changed into a swamp dragon
 10324 | D:9      | Noticed a swamp dragon (shapeshifter)
 10450 | D:8      | Reached skill level 7 in Fighting
 10882 | D:9      | Reached skill level 8 in Fighting
 10886 | D:9      | Noticed a water nymph
 11065 | D:9      | Killed a brown ugly thing
 11066 | D:9      | Reached skill level 9 in Fighting
 11114 | D:9      | Reached skill level 10 in Fighting
 11234 | D:9      | Reached skill level 1 in Long Blades
 11290 | D:9      | Found a staircase to the Lair.
 11775 | D:9      | Reached XP level 11. HP: 86/99 MP: 10/10
 11972 | D:10     | Noticed a two-headed ogre
 11978 | D:10     | Killed a two-headed ogre
 12199 | D:10     | Reached ** piety under Ashenzari
 12362 | D:10     | Reached skill level 5 in Long Blades
 12513 | D:10     | Found a radiant altar of Vehumet.
 12555 | D:10     | Noticed a two-headed ogre
 12561 | D:10     | Killed a two-headed ogre
 12893 | D:11     | Noticed Grum
 12904 | D:11     | Killed Grum
 13281 | D:11     | Noticed Amaemon
 13448 | D:11     | Noticed a two-headed ogre
 13450 | D:11     | Killed a two-headed ogre
 13451 | D:11     | Reached skill level 10 in Dodging
 13761 | D:11     | Learned a level 3 spell: Vhi's Electric Charge
 13781 | D:11     | Killed Amaemon
 14106 | Lair:1   | Entered Level 1 of the Lair of Beasts
 14111 | Lair:1   | Reached XP level 12. HP: 106/106 MP: 11/11
 14596 | Lair:1   | Reached skill level 5 in Evocations
 15124 | Lair:2   | Acquired the +3 pair of gloves of the Fiend {Rampage rF+}
 15789 | Lair:2   | Noticed Erica
 15793 | Lair:2   | Killed Erica
 16099 | Lair:2   | Noticed a seven-headed hydra
 16104 | Lair:2   | Killed a seven-headed hydra
 16133 | Lair:2   | Reached skill level 15 in Ranged Weapons
 17279 | Lair:3   | Reached XP level 13. HP: 68/105 MP: 12/12
 17716 | Lair:3   | Found a hole to the Spider Nest.
 18046 | Lair:3   | Found a staircase to the Shoals.
 18084 | Lair:3   | Reached *** piety under Ashenzari
 18369 | Lair:3   | Reached skill level 1 in Armour
 19199 | Lair:4   | Reached skill level 5 in Armour
 19544 | Lair:4   | Found a staircase to the Slime Pits.
 19550 | Lair:4   | Found a viscous altar of Jiyva.
 19887 | Lair:5   | Entered Level 5 of the Lair of Beasts
 20432 | Lair:5   | Identified the +2 pair of boots of Rufem {Str+2 Int+6 Dex-2
                  | Slay+3}
 20836 | Lair:5   | Reached skill level 10 in Armour
 21393 | Lair:5   | Reached skill level 11 in Fighting
 21423 | Lair:5   | Found a large runed translucent door.
 21424 | Lair:5   | Found a large runed translucent door.
 21450 | Lair:5   | Reached XP level 14. HP: 124/124 MP: 13/13
 21616 | Lair:5   | Identified the +1 sling of Symerr {freeze, Str+5 Dex+2}
 21942 | D:12     | Reached skill level 12 in Fighting
 21979 | D:12     | Found a staircase to the Orcish Mines.
 22415 | D:12     | Reached skill level 13 in Fighting
 22485 | D:12     | Found a basalt altar of Yredelemnul.
 22604 | Orc:1    | Entered Level 1 of the Orcish Mines
 22606 | Orc:1    | Noticed Erolcha
 22608 | Orc:1    | Killed Erolcha
 22728 | Orc:1    | Noticed Sonja
 22734 | Orc:1    | Noticed Jorgrun
 22735 | Orc:1    | Killed Sonja
 22741 | Orc:1    | Killed Jorgrun
 22774 | Orc:1    | Reached skill level 14 in Fighting
 22913 | Orc:1    | Gained mutation: You are dopey. (Int -2) [a neqoxec]
 22914 | Orc:1    | Gained mutation: Your spells are a little easier to cast,
                  | but a little less powerful. [a neqoxec]
 22917 | Orc:1    | Gained mutation: You are somewhat resistant to further
                  | mutation. [a neqoxec]
 23271 | Orc:2    | Entered Level 2 of the Orcish Mines
 23276 | Orc:2    | Found Rumenise's Weapon Shoppe.
 23626 | Orc:2    | Reached skill level 15 in Fighting
 23706 | Orc:2    | Found a staircase to the Elven Halls.
 24156 | Orc:2    | Found Ylosif's Antique Weapon Emporium.
 24156 | Orc:2    | Found Jinlyf's General Store.
 24158 | Orc:2    | Found Neruinehe's Book Boutique.
 24160 | Orc:2    | Found Cujavebi's Assorted Antiques.
 24171 | Orc:2    | Bought a book of Unlife for 468 gold pieces
 24176 | Orc:2    | Learned a level 4 spell: Animate Dead
 24180 | Orc:2    | Learned a level 3 spell: Vampiric Draining
 24184 | Orc:2    | Bought a scroll of enchant armour for 112 gold pieces
 24184 | Orc:2    | Bought a scroll of teleportation for 45 gold pieces
 24184 | Orc:2    | Bought a phantom mirror for 600 gold pieces
 24184 | Orc:2    | Bought a +2 cloak for 247 gold pieces
 24218 | Orc:2    | Bought a scroll of teleportation for 87 gold pieces
 24218 | Orc:2    | Bought a scroll of blinking for 217 gold pieces
 24218 | Orc:2    | Bought a glowing scale mail for 203 gold pieces
 24380 | D:13     | Found Ehynisug's Antique Weapon Shoppe.
 24399 | D:13     | Bought a glowing hand crossbow for 175 gold pieces
 24422 | D:13     | Identified the +8 ring mail "Xogiuty" {Int+4}
 24848 | D:13     | Found a gate to the Vaults.
 25026 | D:13     | Noticed a storm dragon
 25026 | D:13     | Identified the +1 war axe of the Wary Curses {flame, rC++
                  | Int+2}
 25026 | D:13     | Identified the staff of death "Pygogug" {rC++ rN+ Int+2}
 25027 | D:13     | Found a runed translucent door.
 25029 | D:13     | Noticed a frost giant
 25029 | D:13     | Noticed a shadow dragon
 25029 | D:13     | Identified the staff of death "Roypiela" {rF++ rC- rN+
                  | Will+ rCorr}
 25029 | D:13     | Identified the Writings on the Amalgamated Grave
 25050 | D:13     | Reached skill level 16 in Fighting
 25348 | D:14     | Noticed Louise
 25823 | D:14     | Reached **** piety under Ashenzari
 25928 | D:14     | Reached skill level 17 in Fighting
 25963 | D:14     | Reached XP level 15. HP: 147/147 MP: 14/14
 26534 | D:15     | Entered Level 15 of the Dungeon
 27015 | D:15     | Noticed a fire giant
 27020 | D:15     | Found a runed translucent gate.
 27020 | D:15     | Found a runed translucent gate.
 27020 | D:15     | Noticed serber55's ghost (adept MfIE)
 27021 | D:15     | Found a runed translucent gate.
 27033 | D:15     | Reached skill level 18 in Fighting
 27041 | D:15     | Found a staircase to the Depths.
 27138 | D:15     | Found a radiant altar of Vehumet.
 27254 | D:15     | Noticed a tengu reaver
 27688 | D:6      | Killed passete's ghost
 27692 | D:6      | Reached skill level 1 in Necromancy
 27856 | Shoals:1 | Entered Level 1 of the Shoals
 27985 | Shoals:1 | Noticed Mlioglotl
 27999 | Shoals:1 | Killed Mlioglotl
 28058 | Shoals:1 | Identified the +1 cloak of Foetowig {rF+ rC+ Stlth+}
 28370 | Shoals:1 | Reached skill level 5 in Necromancy
 28543 | Shoals:1 | Noticed a kraken
 28614 | Shoals:1 | Killed a kraken
 28946 | Shoals:1 | Learned a level 4 spell: Passage of Golubria
 29136 | Shoals:1 | Reached skill level 1 in Spellcasting
 30513 | Shoals:2 | Noticed Ilsuiw
 30517 | Shoals:2 | Reached XP level 16. HP: 159/159 MP: 17/21
 30779 | Shoals:2 | Killed Ilsuiw
 32345 | Shoals:3 | Noticed Aizul
 32360 | Shoals:3 | HP: 7/159 [Aizul/poison arrow (10)]
 32361 | Shoals:3 | Succumbed to Aizul's poison arrow

Illustrated notes

Levels and vault maps discovered:
D:1:      scummos_arrival_forest, layout_rooms, minmay_tetromino_i4
D:2:      minmay_angry_zag, layout_basic, kennysheep_generic_room_4
D:3:      layout_loops_ring, shapermc_ecumenical_altar_flowoftime,
          chequers_garden, minmay_mini_jars, uniq_terence, uniq_sigmund
D:4:      layout_basic, nicolae_elyvilon_peaceful_grove,
          cheibrodos_sewer_entry_drain, saegor_snake_ambush, uniq_eustachio
D:5:      layout_cave_pools, gammafunk_ghost_necromancy,
          kennysheep_generic_room_10
D:6:      wander_guarded_unrand_ratskin, layout_cave_pools,
          minmay_temple_entry_wispy, gammafunk_ghost_arena,
          nicolae_stop_n_shop_2, nicolae_shop_vocational
D:7:      layout_cave_pools
D:8:      layout_rooms, minitemple, nicolae_ossuary_entry_ruins, serial_undead,
          serial_undead_d, serial_undead_b, serial_undead_a, serial_undead_e,
          serial_undead_f, serial_undead_b
D:9:      minmay_bloctagon, layout_rooms, grunt_lair_entry_orc_guard_hut
D:10:     layout_rooms, mainiacjoe_overflow_brackets, enter_bailey_3
D:11:     layout_irregular_city, uniq_grum, uniq_amaemon
D:12:     layout_roguey, david_orc_5, yredelemnul_forgotten_temple_becter
D:13:     minmay_gate_of_8, layout_loops_cross, david_vaults_4, serial_shops,
          nicolae_stop_n_shop_2, gauntlet_entry_generic
D:14:     minmay_clustersquares, layout_rooms, biasface_ghost_orc_armoury,
          chequers_big_river, uniq_louise
D:15:     hangedman_depths_entry_civil_slaughter, layout_rooms,
          gammafunk_ghost_split, nicolae_vehumet_altar_sigil
Temple:   nicolae_temple_bog_church
Lair:1:   wander_river, layout_long_grid, grunt_megastairs_4
Lair:2:   layout_layer_cave, nicolae_quartered_pool_medium, uniq_erica
Lair:3:   layout_regular_city, shoals_dummy_entry, spider_nest_entry_funnel_web
Lair:4:   layout_loops_ring, dpeg_slime_entry_corner, st_stairs_13,
          roderic_carrion_pond
Lair:5:   cheibrodos_lair_end_hotspot, layout_concentric_octagons
Shoals:1: layout_shoals, uniq_mlioglotl
Shoals:2: layout_shoals, uniq_ilsuiw
Shoals:3: layout_shoals, nzn_prometheus_bound, uniq_aizul
Orc:1:    layout_caves, uniq_erolcha, uniq_jorgrun, uniq_sonja
Orc:2:    st_orc_rangers, layout_caves, serial_shops, shop, enter_volcano_4,
          basic_altar

Skill      XL: |  1  2  3  4  5  6  7  8  9 10 11 12 13 14 15 16 |
---------------+-------------------------------------------------+-----
Ranged Weapons | 5 6 7 8 10 12 13 15 | 15.7
Short Blades   | 4 |  4.0
Evocations     | 1 3 8 |  8.9
Fighting       | 6 10 11 17 18 | 18.4
Dodging        | 3 7 11 | 11.2
Long Blades    | 3 8 |  8.5
Armour         | 10 | 10.3
Necromancy     | 6 8 |  8.4
Spellcasting   | 4 |  4.0
Stealth        | |  0.7

Action                     |  1- 3 |  4- 6 |  7- 9 | 10-12 | 13-15 | 16-18 || total
---------------------------+-------+-------+-------+-------+-------+-------++-------
  Melee: Dagger            |       |    50 |       |    23 |       |       ||    73
         Headbutt          |       |    14 |       |    11 |       |       ||    25
         Punch             |       |     1 |       |     1 |       |       ||     2
         Long sword        |       |       |       |     8 |       |       ||     8
   Fire: Shortbow          |    89 |    83 |       |       |       |       ||   172
         Hand crossbow     |       |    17 |   323 |   374 |   944 |   120 ||  1778
  Throw: Dart              |       |       |       |       |     2 |       ||     2
   Cast: Animate Dead      |       |       |       |       |     2 |       ||     2
         Vampiric Draining |       |       |       |       |       |     2 ||     2
 Invoke: Curse Item        |       |       |     2 |     3 |     4 |       ||     9
         Shatter the Chain |       |       |       |     1 |     1 |       ||     2
  Evoke: Wand              |       |       |       |    17 |    16 |    13 ||    46
         Condenser vane    |       |       |       |     2 |     4 |       ||     6
         Box of beasts     |       |       |       |       |     3 |     1 ||     4
         Phantom mirror    |       |       |       |       |     2 |     2 ||     4
    Use: Scroll            |       |     2 |    26 |     4 |     4 |     7 ||    43
         Potion            |       |       |     2 |     1 |     3 |    20 ||    26
 Armour: Leather armour    |     9 |     8 |     2 |       |       |       ||    19
         Scale mail        |       |     7 |    82 |    59 |       |       ||   148
         Acid dragon scale |       |       |       |    35 |    75 |       ||   110
         Ring mail         |       |       |       |       |   127 |   102 ||   229
  Dodge: Dodged            |    31 |    50 |   123 |   277 |   640 |   219 ||  1340

Table legend: (Time is in decaauts)
 A = Elapsed time spent in this place.
 B = Non-inter-level travel time spent in this place.
 C = Inter-level travel time spent in this place.
 D = Time resting spent in this place.
 E = Time spent auto-exploring this place.
 F = Levels seen in this place.
 G = Mean time per level.
                   A        B        C        D        E       F      G
               +--------+--------+--------+--------+--------+-----+--------+
         Total |  33312 |  31755 |   1557 |  13191 |  11697 |  28 | 1189.7 |
       Dungeon |  18215 |  17234 |    981 |   7110 |   6369 |  15 | 1214.3 |
        Temple |    177 |    172 |      5 |      0 |    149 |   1 |  177.0 |
          Lair |   7903 |   7479 |    424 |   2936 |   3264 |   5 | 1580.6 |
        Shoals |   4828 |   4739 |     89 |   2490 |   1119 |   3 | 1609.3 |
  Orcish Mines |   1782 |   1725 |     57 |    612 |    697 |   2 |  891.0 |
         Sewer |    108 |    108 |      0 |     13 |     19 |   1 |  108.0 |
       Ossuary |    296 |    296 |      0 |     29 |     78 |   1 |  296.0 |
               +--------+--------+--------+--------+--------+-----+--------+

Top non-repeatable levels by time:
     D:8: 2192 daAuts
Shoals:2: 2172 daAuts
  Lair:3: 2098 daAuts
     D:6: 1956 daAuts
Shoals:1: 1903 daAuts
  Lair:5: 1702 daAuts
  Lair:2: 1618 daAuts
  Lair:4: 1520 daAuts
     D:5: 1518 daAuts
     D:2: 1399 daAuts
    D:11: 1370 daAuts
     D:9: 1304 daAuts
     D:3: 1273 daAuts
    D:14: 1221 daAuts
     D:4: 1059 daAuts
